 Dungeon Crawl Stone Soup version 0.31-a0-331-geda263fcf1 (webtiles) character file.

Game seed: 8968224222482872986

326 Moby the Grave Robber (level 6, -3/36 HPs)
             Began as an Octopode Necromancer on July 19, 2023.
             Killed from afar by a steam dragon (28 damage)
             ... with a ball of steam
             ... on level 4 of the Dungeon.
             The game lasted 00:13:16 (3166 turns).

Moby the Grave Robber (Octopode Necromancer)        Turns: 3166, Time: 00:13:20

Health: -3/36      AC:  1    Str:  7    XL:     6   Next: 49%
Magic:  12/12      EV: 13    Int: 20    God:
Gold:   199        SH:  0    Dex: 12    Spells: 8/13 levels left

rFire   . . .        k - +0 spear
rCold   . . .        (no shield)
rNeg    . . .        (helmet restricted)
rPois   .            d - amulet of magic regeneration
rElec   .            (no ring)
rCorr   .            (no ring)
SInv    .            (no ring)
Will    .....        (no ring)
Stlth   ++           (no ring)
HPRegen 0.26/turn    (no ring)
MPRegen 0.53/turn    (no ring)
                     (no ring)

%: no passive effects
@: confused
A: almost no armour, amphibious, 8 rings, camouflage 1, gelatinous body 1,
(nimble swimmer 1), tentacles
a: no special abilities


You were on level 4 of the Dungeon.
You visited 2 branches of the dungeon, and saw 5 of its levels.

You collected 199 gold pieces.

Inventory:

Hand Weapons
 k - a +0 spear (weapon)
Jewellery
 b - an amulet of the acrobat
 d - an amulet of magic regeneration (around mantle)
 i - a ring of resist corrosion
 o - an amulet of faith
 v - a ring of poison resistance
Wands
 p - a wand of polymorph (7)
 t - a wand of roots (10)
Scrolls
 e - a scroll of vulnerability {unknown}
 f - a scroll of revelation {unknown}
 g - a scroll of enchant armour {unknown}
 h - a scroll of noise {unknown}
 j - a scroll of amnesia {unknown}
 l - a scroll of immolation {unknown}
 q - 2 scrolls of teleportation {unknown}
 r - a scroll of identify {unknown}
 u - a scroll of acquirement {unknown}
Potions
 a - a potion of magic
 c - 4 potions of curing {unknown}
 m - a potion of might {unknown}
 n - a potion of enlightenment {unknown}
 s - 3 potions of haste {unknown}


   Skills:
 - Level 3.0 Dodging
 - Level 3.0 Stealth
 + Level 4.2 Spellcasting
 + Level 5.8 Necromancy


You had 8 spell levels left.
You knew the following spells:

 Your Spells              Type           Power      Damage    Failure   Level
a - Necrotise             Necr           100%       1d9       1%          1
b - Animate Dead          Necr           27%        N/A       12%         4

Your spell library contained the following spells:

 Spells                   Type           Power      Damage    Failure   Level
 Vampiric Draining        Necr           27%        2d7       3%          3
 Agony                    Necr           27%        N/A       32%         5
 Hailstorm                Conj/Ice       4%         3d4       36%         3
 Ozocubu's Armour         Ice            4%         N/A       36%         3
 Summon Ice Beast         Ice/Summ       4%         N/A       77%         4
 Simulacrum               Ice/Necr       7%         N/A       99%         6
 Ozocubu's Refrigeration  Ice            2%         4d7       100%        7


Dungeon Overview and Level Annotations

Branches:
Dungeon (4/15)             Temple (1/1) D:4

Altars:
Cheibriados
Dithmenos
Elyvilon
Gozag
Hepliaklqana
Makhleb
Nemelex Xobeh
Okawaru
Qazlal
Ru
Sif Muna
Trog
Uskayaw
Vehumet
Xom
Yredelemnul
Zin
The Shining One

Shops:
D:3 [


Innate Abilities, Weirdness & Mutations

You cannot wear most types of armour.
You are amphibious.
You can wear up to eight rings at the same time.
Your skin changes colour to match your surroundings (Stealth+).
Your rubbery body absorbs attacks. (AC +1, EV +1)
((You are camouflaged when in or above water. (Stealth+)))
You have tentacles for arms and can constrict up to eight enemies at once.


Message History

The orc wizard flickers and vanishes!
Deactivating autopickup; reactivate with Ctrl-A.
Casting: Necrotise (safe; 1% risk of failure)
Confirm with . or Enter, or press ? or * to list all spells.
You can't see any susceptible monsters within range! (Use Z to cast anyway.) Unknown command.
Casting: Necrotise (safe; 1% risk of failure)
Confirm with . or Enter, or press ? or * to list all spells.
Okay, then.
Casting: Necrotise (safe; 1% risk of failure)
Confirm with . or Enter, or press ? or * to list all spells.
Aiming: Necrotise (safe; 1% risk of failure)
Press: ? - help, Shift-Dir - straight line Something writhes in agony!
The goblin unwields a +0 club.
The goblin wields a +0 sling.
The goblin shoots a sling bullet.
The sling bullet hits you.
A steam dragon comes into view.
Casting: Necrotise (safe; 1% risk of failure)
Confirm with . or Enter, or press ? or * to list all spells.
Aiming: Necrotise (safe; 1% risk of failure)
Press: ? - help, Shift-Dir - straight line Something writhes in agony!
The steam dragon hisses angrily.
You are confused.
You're too confused to cast spells.
Sorry, you're not good enough to have a special ability.
The goblin shoots a sling bullet.
The sling bullet hits you. Something hits you.
You hit your adder skeleton.
Your adder skeleton is moderately damaged.
The goblin shoots a sling bullet.
The sling bullet closely misses you. Something hits you.
The goblin shoots a sling bullet.
The sling bullet hits your adder skeleton.
The steam dragon breathes steam at you.
The ball of steam hits your adder skeleton!
Your adder skeleton is destroyed!
The ball of steam hits you!!
Ouch! That really hurt!
You die...

(#..............#
(#
...###.......#.##
.# #.##
#.....###..### #.#
......####...## ...
#...#...####..#
..## ......#..#
##.### ..#
..###)##..###...#
#...###.# #
.#####@###)#.####
.......{§Z........#
#.######.§........#
................#
.........D......#
..........>.....#
#######..g......#
##..#.##### ##.#.#


You could see a goblin and a friendly orc skeleton.

Vanquished Creatures
  A scorpion (D:4)
  A gnoll bouda (D:4)
  Ijyb (D:4)
  An orc wizard (D:3)
  Robin (D:3)
  5 adders
  4 gnolls
  A dart slug (D:1)
  4 orcs
  4 bats
  8 endoplasms
  A giant cockroach (D:4)
  8 goblins
  8 hobgoblins
  5 kobolds
  2 quokkas (D:4)
  5 ball pythons
  2 frilled lizards (D:2)
  4 rats
66 creatures vanquished.

Vanquished Creatures (collateral kills)
  2 gnolls
  An endoplasm (D:1)
  A hobgoblin (D:3)
  A goblin (D:4)
5 creatures vanquished.

Grand Total: 71 creatures vanquished

Notes
Turn   | Place    | Note
-------+----------+-------------------------------------------
     0 | D:1      | Moby the Octopode Necromancer began the quest for the Orb.
     0 | D:1      | Reached XP level 1. HP: 11/11 MP: 3/3
   164 | D:1      | Reached XP level 2. HP: 17/17 MP: 0/5
   871 | D:2      | Reached XP level 3. HP: 21/21 MP: 4/6
  1194 | D:2      | Reached XP level 4. HP: 27/27 MP: 4/8
  1270 | D:2      | Learned a level 4 spell: Animate Dead
  1543 | D:3      | Found Asupror's Armour Emporium.
  1783 | D:3      | Noticed Robin
  1820 | D:3      | Killed Robin
  2043 | D:3      | Found a faded altar of an unknown god.
  2563 | D:4      | Noticed a scorpion
  2619 | D:4      | Reached XP level 5. HP: 31/31 MP: 6/9
  2667 | D:3      | Reached skill level 5 in Necromancy
  2915 | D:4      | Noticed Ijyb
  2920 | D:4      | Killed Ijyb
  2961 | D:4      | Reached XP level 6. HP: 19/36 MP: 2/11
  3060 | D:4      | Found a staircase to the Ecumenical Temple.
  3073 | Temple   | Entered the Ecumenical Temple
  3161 | D:4      | Noticed a steam dragon
  3166 | D:4      | Killed from afar by a steam dragon

Illustrated notes

Levels and vault maps discovered:
D:1:      shiori_arrival_maze, layout_rooms, roderic_roman_lattice,
          hangedman_decor_push
D:2:      layout_loops_ring
D:3:      layout_basic, serial_shops, shop,
          hellmonk_ecumenical_altar_prayer_group, uniq_robin
D:4:      layout_rooms, minmay_temple_entry_arrows, uniq_ijyb
Temple:   eino_narrow_crystal_temple

Skill      XL: |  1  2  3  4  5  6 |
---------------+-------------------+-----
Stealth        | 3 |  3.0
Dodging        | 3 |  3.0
Spellcasting   | 3 4 |  4.2
Necromancy     | 5 |  5.8

Action                     |  1- 3 |  4- 6 || total
---------------------------+-------+-------++-------
  Melee: Spear             |       |     1 ||     1
   Cast: Necrotise         |    55 |    95 ||   150
 Armour: Skin              |     1 |     5 ||     6
  Dodge: Dodged            |     7 |    28 ||    35

Table legend: (Time is in decaauts)
 A = Elapsed time spent in this place.
 B = Non-inter-level travel time spent in this place.
 C = Inter-level travel time spent in this place.
 D = Time resting spent in this place.
 E = Time spent auto-exploring this place.
 F = Levels seen in this place.
 G = Mean time per level.
                   A        B        C        D        E       F      G
               +--------+--------+--------+--------+--------+-----+--------+
         Total |   3165 |   2957 |    208 |    468 |   2002 |   5 |  633.0 |
       Dungeon |   3164 |   2956 |    208 |    468 |   2002 |   4 |  791.0 |
        Temple |      1 |      1 |      0 |      0 |      0 |   1 |    1.0 |
               +--------+--------+--------+--------+--------+-----+--------+

Top non-repeatable levels by time:
     D:3: 1329 daAuts
     D:2: 803 daAuts
     D:1: 707 daAuts
     D:4: 322 daAuts
  Temple: 1 daAuts
